 Dungeon Crawl Stone Soup version 0.23.2-11-gf996548c65 (webtiles) character file.

Game seed: 10800393024702877813

1523 Kobolds4U the Carver (level 8, -1/74 HPs)
             Began as a Yellow Draconian Berserker on June 3, 2019.
             Was a Priest of Trog.
             Slain by a sky beast (5 damage)
             ... on level 5 of the Dungeon.
             The game lasted 00:11:53 (4576 turns).

Kobolds4U the Carver (Yellow Draconian Berserker)   Turns: 4576, Time: 00:11:54

Health: -1/74      AC:  7    Str: 19    XL:     8   Next: 54%
Magic:  8/8        EV: 17    Int:  9    God:    Trog [***...]
Gold:   138        SH:  0    Dex: 12    Spells: 7/7 levels left

rFire    . . .     SeeInvis .   a - +0 falchion
rCold    . . .     Gourm    .   (no shield)
rNeg     . . .     Faith    .   (armour unavailable)
rPois    .         Spirit   .   (helmet restricted)
rElec    .         Reflect  .   p - +0 cloak (curse)
rCorr    +         Harm     .   (no gloves)
MR       ++...                  (no boots)
Stlth    +.........             (no amulet)
HPRegen  1.22/turn              f - +4 ring of evasion
MPRegen  0.11/turn              (no ring)

@: berserk cooldown, regenerating, slowed, very slow
A: spit acid, unfitting armour, cold-blooded, acid resistance, AC +6
a: Breathe Acid, Berserk, Trog's Hand, Renounce Religion


You were on level 5 of the Dungeon.
You worshipped Trog.
Trog was most pleased with you.
You were near starving.

You visited 1 branch of the dungeon, and saw 5 of its levels.

You collected 250 gold pieces.
You spent 112 gold pieces at shops.

Inventory:

Hand Weapons
 a - a +0 falchion (weapon)
 i - a +0 shortbow
 y - a +1 short sword of venom
Missiles
 g - 34 bolts
 j - 91 arrows
 o - 19 tomahawks (quivered)
Armour
 p - a cursed +0 cloak (worn)
Jewellery
 f - a +4 ring of evasion (left hand)
 w - an uncursed ring of ice
Wands
 x - a wand of scattershot (3)
Scrolls
 e - 3 scrolls of remove curse
 l - a scroll of enchant weapon
 q - a scroll of random uselessness {unknown}
 r - a scroll of enchant armour {unknown}
 u - a scroll of magic mapping {unknown}
Potions
 c - 2 potions of agility
 d - 2 potions of flight
 h - 3 potions of degeneration
 k - 3 potions of brilliance
 m - a potion of berserk rage
 t - 3 potions of might
 v - a potion of lignification
Comestibles
 b - 8 rations
 n - a chunk of flesh


   Skills:
 + Level 8.2 Fighting
 + Level 8.8 Long Blades
 - Level 2.6 Dodging


You had 7 spell levels left.
You didn't know any spells.
Your spell library was empty.

Dungeon Overview and Level Annotations

Branches:
Dungeon (5/15)
 Temple: D:4-7

Altars:
Nemelex Xobeh
Trog

Shops:
D:4 !*[!(


Innate Abilities, Weirdness & Mutations

You can spit globs of acid.
Your golden yellow scales are hard. (AC +6)
You cannot fit into any form of body armour.
You are cold-blooded and may be slowed by cold attacks.
You are resistant to acid. (rCorr)


Message History

* * * LOW HITPOINT WARNING * * *
Something shocks you.
* * * LOW HITPOINT WARNING * * *
Okay, then.
You feel better. Something hits you.
* * * LOW HITPOINT WARNING * * *
Something shocks you.
* * * LOW HITPOINT WARNING * * *
A sky beast appears from thin air!
Reactivating autopickup.
The sky beast barely misses you.
Okay, then.
Your skin crawls.
You feel resistant to hostile enchantments.
You feel quite a bit more hungry.
The sky beast flickers out of sight!
Deactivating autopickup; reactivate with Ctrl-A.
Something hits you.
* * * LOW HITPOINT WARNING * * *
Something shocks you.
You die...

.# '#########
.........#
...>.....#
(........# #####
.........# #...#
.........# #...#
....?....# #####...#
.........###.(({@..+
.###..........##...#
.# #..........##...#
.# #..........######
.# #.........[.# .#
#............# .#
#.............# .#
#.......##'##...
##...####... ###.


There were no monsters in sight!

Vanquished Creatures
  Pikel (D:4)
  A water moccasin (D:5)
  2 centaurs (D:5)
  A scorpion (D:5)
  A crimson imp (D:5)
  A centaur zombie (D:5)
  A quasit (D:5)
  3 hounds (D:5)
  3 orc priests
  Crazy Yiuf (D:2)
  An iguana (D:5)
  6 orc wizards
  A worker ant (D:5)
  2 hound skeletons (D:4)
  A worker ant zombie (D:5)
  5 adders
  A dart slug (D:3)
  A worm (D:4)
  3 leopard geckos
  26 orcs
  4 giant cockroaches
  6 goblins
  4 hobgoblins
  4 jackals
  3 quokkas
  5 bats
  5 frilled lizards
  A jackal skeleton (D:5)
  3 kobolds
  6 rats
103 creatures vanquished.

Vanquished Creatures (others)
  A sky beast (D:5)
  An ogre (D:4)
  A worker ant (D:4)
  2 adders (D:4)
  A worm (D:4)
  3 orcs (D:4)
  A giant cockroach (D:4)
10 creatures vanquished.

Grand Total: 113 creatures vanquished

Notes
Turn   | Place    | Note
-------+----------+-------------------------------------------
     0 | D:1      | Kobolds4U the Draconian Berserker began the quest for the
                  | Orb.
     0 | D:1      | Reached XP level 1. HP: 19/19 MP: 1/1
   313 | D:1      | Reached XP level 2. HP: 26/26 MP: 2/2
   708 | D:2      | Reached XP level 3. HP: 17/31 MP: 3/3
  1164 | D:2      | Reached ** piety under Trog
  1164 | D:2      | Reached XP level 4. HP: 26/38 MP: 4/4
  1167 | D:2      | Reached skill level 5 in Long Blades
  1594 | D:2      | Found a runed translucent door.
  1595 | D:2      | Noticed Crazy Yiuf
  1655 | D:2      | Found a bloodstained altar of Trog.
  1739 | D:2      | Killed Crazy Yiuf
  1798 | D:3      | Reached XP level 5. HP: 45/45 MP: 5/5
  2882 | D:3      | Reached XP level 6. HP: 53/53 MP: 6/6
  2969 | D:3      | Found a sparkling altar of Nemelex Xobeh.
  3334 | D:4      | Found Carumpe's Distillery.
  3348 | D:4      | Bought a potion of curing for 42 gold pieces
  3348 | D:4      | Bought a potion of degeneration for 14 gold pieces
  3348 | D:4      | Bought a potion of might for 56 gold pieces
  3398 | D:4      | Found Juosk's Assorted Antiques.
  3403 | D:4      | Noticed a slave
  3403 | D:4      | Noticed a slave
  3405 | D:4      | Noticed Pikel
  3419 | D:4      | Noticed a slave
  3420 | D:4      | Noticed a slave
  3435 | D:4      | Killed Pikel
  3435 | D:4      | Your scales start taking on a golden yellow colour.
  3435 | D:4      | Reached XP level 7. HP: 61/64 MP: 7/7
  3435 | D:4      | Gained mutation: You are resistant to acid. (rCorr) [Yellow
                  | Draconian growth]
  3526 | D:4      | Found Yhuheplyaru's Antique Armour Shop.
  3707 | D:4      | Found Pante Hutif's Antique Weapon Shop.
  3802 | D:4      | Found Tonooge's Distillery.
  3977 | D:5      | Entered Level 5 of the Dungeon
  4053 | D:5      | Reached *** piety under Trog
  4224 | D:5      | Reached XP level 8. HP: 66/73 MP: 8/8
  4574 | D:5      | HP: 2/74 [something (6)]
  4576 | D:5      | Slain by a sky beast

Skill      XL: |  1  2  3  4  5  6  7  8 |
---------------+-------------------------+-----
Long Blades    | 4 5 6 7 8 |  8.8
Fighting       | 4 6 7 8 |  8.2
Dodging        | |  2.6

Action                   |  1- 3 |  4- 6 |  7- 9 || total
-------------------------+-------+-------+-------++-------
Melee: Falchion          |    67 |   145 |   168 ||   380
       Tailslap          |     5 |    26 |    41 ||    72
Invok: Berserk           |       |     2 |     1 ||     3
       Trog's Hand       |       |     1 |     2 ||     3
  Use: Scroll            |       |       |     7 ||     7
       Potion            |       |       |     1 ||     1
  Eat: Chunk             |     1 |     8 |     5 ||    14
Armor: Skin              |    25 |    41 |    38 ||   104
Dodge: Dodged            |    51 |   114 |   150 ||   315
       Rpst.: Falchion   |    13 |    31 |    44 ||    88
